 Dungeon Crawl Stone Soup version 0.21-a0-227-g58a7c62 (webtiles) character file.

94 Goblin1989 the Insei (level 4, -6/39 HPs)
             Began as a Naga Transmuter on Aug 30, 2017.
             Mangled by a worm (12 damage)
             ... on level 3 of the Dungeon.
             The game lasted 00:08:34 (3326 turns).

Goblin1989 the Insei (Naga Transmuter)              Turns: 3326, Time: 00:08:35

Health: -6/39      AC:  3    Str: 12    XL:     4   Next: 63%
Magic:  1/7        EV: 10    Int: 14    God:
Gold:   148        SH:  0    Dex: 12    Spells: 4/7 levels left

rFire    . . .     SeeInvis +     - Unarmed
rCold    . . .     Gourm    .   (no shield)
rNeg     . . .     Faith    .   b - +0 robe
rPois    +         Spirit   .   f - +0 helmet
rElec    .         Reflect  .   (no cloak)
rCorr    .         Harm     .   (no gloves)
MR       .....                  (no barding)
Stlth    ++........             (no amulet)
HPRegen  0.13/turn              (no ring)
MPRegen  0.10/turn              (no ring)

@: very slow
A: see invisible, deformed body, poison resistance, slowness 2, slow metabolism
1, spit poison 1, AC +1
a: Spit Poison


You were on level 3 of the Dungeon.
You were very hungry.

You visited 1 branch of the dungeon, and saw 3 of its levels.

You collected 148 gold pieces.

Inventory:

Hand Weapons
 g - a +1 dagger of speed
 k - a +2 dagger of speed
 w - a +0 blowgun {@w1}
Missiles
 a - 5 arrows
 l - 20 sling bullets
 n - 111 stones (quivered)
 A - 3 silver javelins
 B - 11 poisoned needles
Armour
 b - a +0 robe (worn)
 f - a +0 helmet (worn)
Scrolls
 s - a scroll of remove curse {@r2}
Potions
 p - a potion of heal wounds {unknown}
 u - a potion of cancellation {unknown}
 x - a potion of degeneration {unknown}
 z - a potion of curing {@q1}
Books
 c - a book of Changes

   Spells                             Type                      Level
   a - Beastly Appendage              Transmutation                1
   b - Sticks to Snakes               Transmutation                2
   c - Spider Form                    Transmutation/Poison         3
   d - Ice Form                       Ice/Transmutation            4
   e - Blade Hands                    Transmutation                5
Comestibles
 e - 2 bread rations {@e1}
 i - 2 royal jellies
 q - a fruit


   Skills:
 + Level 1.8 Fighting
 + Level 1.9 Dodging
 + Level 2.5 Stealth
 * Level 4.3 Unarmed Combat
 - Level 2.0 Spellcasting
 + Level 2.1 Transmutations


You had 4 spell levels left.
You knew the following spells:

 Your Spells              Type           Power        Failure   Level  Hunger
a - Beastly Appendage     Tmut           #.....       10%         1    ##.....
b - Sticks to Snakes      Tmut           #.......     16%         2    ###....


Dungeon Overview and Level Annotations

Branches:
Dungeon (3/15)

Altars:
Nemelex Xobeh
Trog
Vehumet
Xom

Annotations:
D:3 exclusion: Ijyb, Ijyb, Terence


Innate Abilities, Weirdness & Mutations

You cannot wear boots.
Your serpentine skin is tough. (AC +1)
You have supernaturally acute eyesight. (SInv)
Armour fits poorly on your strangely shaped body.
Your system is resistant to poisons. (rPois)
You cover ground very slowly.
You have a slow metabolism.
You can spit poison.


Message History

Your ball python constricts the giant cockroach.
The giant cockroach closely misses your ball python.
Your ball python barely misses the giant cockroach.
Your ball python constricts the giant cockroach.
The giant cockroach dies!
Your ball python bites the worm but does no damage.
Your ball python barely misses the worm.
Your ball python closely misses the worm.
Your ball python grabs the worm.
Your ball python constricts the worm.
Your ball python bites the worm.
Your ball python constricts the worm.
The worm splashes around in the water.
Your ball python bites the worm but does no damage.
Your ball python constricts the worm.
Your ball python bites the worm.
Your ball python constricts the worm.
The worm bites your ball python.
Your ball python bites the worm but does no damage.
Your ball python constricts the worm.
You hear the rusting of a drain nearby.
Your ball python bites the worm but does no damage.
Your ball python constricts the worm.
The worm bites your ball python.
Your ball python dies!
Your ball python barely misses the worm.
Your ball python grabs the worm.
Your ball python constricts the worm.
Your ball python bites the worm.
Your ball python constricts the worm.
The worm bites your ball python!
Your ball python dies!
Casting: Sticks to Snakes
Confirm with . or Enter, or press ? or * to list all spells.
You create a snake!
You now have 8 arrows.
You now have 2/7 mp.
Casting: Sticks to Snakes
Confirm with . or Enter, or press ? or * to list all spells.
Okay, then.
Your ball python barely misses the worm.
Your ball python grabs the worm.
Your ball python constricts the worm.
Your ball python bites the worm but does no damage.
Your ball python constricts the worm.
Your ball python bites the worm.
Your ball python constricts the worm.
The worm barely misses your ball python.
Your ball python bites the worm but does no damage.
Your ball python constricts the worm.
The worm misses your ball python.
Your ball python bites the worm.
Your ball python constricts the worm.
Your ball python bites the worm.
Your ball python constricts the worm.
The worm bites your ball python.
Your ball python dies!
Casting: Sticks to Snakes
Confirm with . or Enter, or press ? or * to list all spells.
You miscast Sticks to Snakes.
You are very lightly contaminated with residual magic.
Waves of light ripple over your body.
You now have 1/7 mp.
Unknown command.
You completely miss the worm.
The worm is severely wounded.
You hit the worm.
You kill the worm!
You see here a worm corpse.
You enter the shallow water.
Moving in this stuff is going to be slow.
An adder and a worm come into view.
The worm moves out of view.
Your magical contamination has completely faded away.
You start resting.
You hear the rusting of a drain.
You start resting.
Magic restored.
You hear the brisk rusting of a drain.
You regained 6 hp, and now have 20/39 hp.
MP restored: 7 The adder hisses angrily.
You hit the worm.
The worm is lightly wounded.
You hit the worm.
The worm is lightly wounded.
The worm bites you!
* * * LOW HITPOINT WARNING * * *
You take 9 damage, and have 13/39 hp.
MASSIVE DAMAGE!!
You hit the worm.
The worm is moderately wounded.
The worm splashes around in the water.
You hit the worm but do no damage.
The worm is moderately wounded.
Casting: Sticks to Snakes
Confirm with . or Enter, or press ? or * to list all spells.
You create a snake!
You now have 7 arrows.
The worm bites you!
* * * LOW HITPOINT WARNING * * *
You take 7 damage, and have 6/39 hp.
You now have 5/7 mp.
Unknown command.
Casting: Sticks to Snakes
Confirm with . or Enter, or press ? or * to list all spells.
You create a snake!
You now have 6 arrows.
You are feeling very hungry.
A giant cockroach comes into view.
You now have 3/7 mp.
Unknown command.
Casting: Sticks to Snakes
Confirm with . or Enter, or press ? or * to list all spells.
You create a snake!
You now have 5 arrows.
Your ball python bites the worm.
Your ball python barely misses the worm.
The worm bites you!
You die...

███ .███..
█≈██████≈██
.....█
≈s≈≈≈SwSS≈█
.....█ █
█@S≈█
.....█.█
██≈██
....$█. █≈█
..... █ █≈█
.....█
█..█.█
██≈██.....█
█.█.█
█≈≈≈█.....█
██...█
█≈≈≈█.....▲
███....█
███≈██.....█
.██.█.██ █
█.█.█......█


You could see a worm, an adder, a giant cockroach, a friendly adder and 2
friendly ball pythons.

Vanquished Creatures
  3 adders
  An ooze (D:2)
  3 worms
  A dart slug (D:1)
  4 bats
  4 giant cockroaches
  13 goblins
  6 hobgoblins
  7 kobolds
  A ball python (D:2)
  2 frilled lizards (D:1)
  5 rats
50 creatures vanquished.

Vanquished Creatures (collateral kills)
  A giant cockroach (D:3)
1 creature vanquished.

Grand Total: 51 creatures vanquished

Notes
Turn   | Place    | Note
-------+----------+-------------------------------------------
     0 | D:1      | Goblin1989 the Naga Transmuter began the quest for the Orb.
     0 | D:1      | Reached XP level 1. HP: 18/18 MP: 3/3
   470 | D:1      | Reached XP level 2. HP: 25/25 MP: 5/5
   503 | D:1      | Learned a level 2 spell: Sticks to Snakes
  1266 | D:2      | Reached XP level 3. HP: 25/31 MP: 6/6
  1329 | D:2      | Found a shimmering altar of Xom.
  1403 | D:2      | Reached skill level 1 in Stealth
  1922 | D:2      | Found a radiant altar of Vehumet.
  1972 | D:2      | Reached skill level 4 in Unarmed Combat
  2137 | D:2      | Found a sparkling altar of Nemelex Xobeh.
  2183 | D:2      | Reached XP level 4. HP: 15/38 MP: 7/7
  2726 | D:2      | Found a bloodstained altar of Trog.
  3006 | D:3      | Noticed Terence
  3151 | D:3      | Noticed Ijyb
  3326 | D:3      | Mangled by a worm

Vault maps used:
D:1:      dpeg_arrival_rooms_c
D:2:      old_standard_altar, lemuel_doored_altar,
          nicolae_overflow_crystal_walls, first_bread,
          minmay_misc_feat_more_columns, corexii_corridor_pit,
          trog_hazing_becter
D:3:      gup_sewer_entry_bubbles, minmay_misc_feat_alley, uniq_terence,
          uniq_ijyb

Skill      XL: |  1  2  3 |
---------------+----------+-----
Stealth        | 2 |  2.5
Unarmed Combat | 4 |  4.3
Fighting       | |  1.8
Dodging        | |  1.9
Spellcasting   | |  2.0
Transmutations | |  2.1

Action                   |  1- 3 |  4- 6 || total
-------------------------+-------+-------++-------
Melee: Unarmed           |   150 |    82 ||   232
       Punch             |     2 |     1 ||     3
 Cast: Sticks to Snakes  |       |     7 ||     7
  Use: Scroll            |       |     5 ||     5
 Stab: Sleeping          |     1 |       ||     1
  Eat: Chunk             |     3 |     2 ||     5
Armor: Robe              |    35 |    17 ||    52
Dodge: Dodged            |    71 |    37 ||   108

Table legend:
 A = Spawn XP
 B = Non-spawn XP
 C = Spawn XP percentage of total XP
 D = Spawn monster count
 E = Non-spawn monster count
 F = Spawn count percentage of total count
 G = Total turns spent on level
                    A         B        C        D         E        F      G
               +---------+---------+-------+---------+---------+-------+---------
         Total |      11 |     124 |   8.1 |       7 |      44 |  13.7 |  3326
               +---------+---------+-------+---------+---------+-------+---------
           D:1 |      10 |      23 |  30.3 |       6 |      12 |  33.3 |  1242
           D:2 |       1 |      68 |   1.4 |       1 |      21 |   4.5 |  1749
           D:3 |       0 |      33 |   0.0 |       0 |      11 |   0.0 |   335
               +---------+---------+-------+---------+---------+-------+---------

Vault maps used:
D:1:      dpeg_arrival_rooms_c
D:2:      old_standard_altar, lemuel_doored_altar,
          nicolae_overflow_crystal_walls, first_bread,
          minmay_misc_feat_more_columns, corexii_corridor_pit,
          trog_hazing_becter
D:3:      gup_sewer_entry_bubbles, minmay_misc_feat_alley, uniq_terence,
          uniq_ijyb
